 Dungeon Crawl Stone Soup version 0.32-a0-630-g46d191b0ed (webtiles) character file.

Game seed: 2182735927829056996

22 Alarak the Apothecary (level 2, 0/19 HPs)
             Began as a Demonspawn Alchemist on Mar 7, 2024.
             Slain by a goblin
             ... wielding a +0 dagger
              (2 damage)
             ... on level 1 of the Dungeon.
             The game lasted 00:02:01 (513 turns).

Alarak the Apothecary (Demonspawn Alchemist)         Turns: 513, Time: 00:02:01

Health: 0/19       AC:  2    Str:  8    XL:     2   Next: 68%
Magic:  2/5        EV: 12    Int: 15    God:
Gold:   36         SH:  0    Dex: 13    Spells: 2/5 levels left

rFire   . . .        d - +0 short sword
rCold   . . .        i - orb {mayhem}
rNeg    . . .        a - +0 robe
rPois   .            (no helmet)
rElec   .            (no cloak)
rCorr   .            (no gloves)
SInv    .            (no boots)
Will    .....        (no amulet)
Stlth   ++           (no ring)
HPRegen 0.23/turn    (no ring)
MPRegen 0.09/turn

%: mayhem
@: no status effects
A: powered by death 1
a: no special abilities


You were on level 1 of the Dungeon.
You visited 1 branch of the dungeon, and saw 1 of its levels.

You collected 36 gold pieces.

Inventory:

Hand Weapons
 d - a +0 short sword (weapon)
Armour
 a - a +0 robe (worn)
 i - an orb of mayhem (worn)
Scrolls
 e - a scroll of immolation {unknown}
 h - a scroll of enchant armour {unknown}
Potions
 b - a potion of magic
 c - a potion of enlightenment {unknown}
 f - a potion of mutation {unknown}
 g - a potion of ambrosia {unknown}


   Skills:
 - Level 1.7 Dodging
 - Level 1.7 Stealth
 - Level 2.0 Spellcasting
 - Level 1.0 Conjurations
 + Level 4.0 Alchemy


You had 2 spell levels left.
You knew the following spells:

 Your Spells              Type           Power      Damage    Failure   Level
a - Sting                 Conj/Alch      36%        1d5       8%          1
b - Mercury Vapours       Alch/Air       14%        N/A       14%         2

Your spell library contained the following spells:

 Spells                   Type           Power      Damage    Failure   Level
 Mephitic Cloud           Conj/Alch/Air  6%         N/A       32%         3
 Olgreb's Toxic Radiance  Alch           13%        N/A       38%         4
 Sticky Flame             Fire/Alch      7%         2d4       67%         4


Dungeon Overview and Level Annotations

Branches:
Dungeon (1/15)

Altars:


Innate Abilities, Weirdness & Mutations

You regenerate a little health from kills.


Message History

The endoplasm is poisoned.
The endoplasm is severely wounded.
You miscast Sting.
You are very lightly contaminated with residual magic.
Nothing appears to happen.
You kill the endoplasm!
The goblin flies into a frenzy!
The goblin shouts!
The goblin hits the kobold with a +0 dagger.
The kobold dies!
Your Alchemy skill increases to level 4!
You hit the hobgoblin.
The hobgoblin is severely wounded.
The goblin shouts!
The hobgoblin hits you.
You hit the hobgoblin but do no damage.
The hobgoblin is severely wounded.
The hobgoblin closely misses you.
The goblin hits the hobgoblin with a +0 dagger.
The hobgoblin dies!
The goblin hits you with a +0 dagger.
The goblin shouts!
The goblin closely misses you.
Your magical contamination has completely faded away.
You barely miss the goblin. The goblin hits you with a +0 dagger.
You closely miss the goblin. The goblin hits you but does no damage.
The goblin hits you with a +0 dagger.
You closely miss the goblin. The goblin misses you.
You closely miss the goblin.
The goblin hits you with a +0 dagger. x2
You hit the goblin.
The goblin is severely wounded.
The goblin hits you with a +0 dagger.
* * * LOW HITPOINT WARNING * * *
You closely miss the goblin.
The goblin is severely wounded.
The goblin completely misses you. The goblin barely misses you.
You hit the goblin but do no damage.
The goblin is severely wounded.
The goblin hits you with a +0 dagger.
You die...

# #....# #.# ...... # #....# #.#
#...>.. ####....# #.# ..)....
#....#.## #.# ....... ..####.#
#.# ###....... ...##..# ##.#
#..†...... .#.##.##
#..###.#.......
##.##.#####.##..g##......
(#.##...........@.##.....
##.##.#.#.......#.###############
...##.#.#.........#.#f#Q#i#m#6#g#
#.....#...........###############
..................'..............
..##..............###############
...#..##..........#g#d#O#T#F#e#R#
..................###############
.........%.................##.#


You could see a neutral goblin (fast, strong, frenzied).

Vanquished Creatures
  An endoplasm (D:1)
  2 goblins (D:1)
  2 hobgoblins (D:1)
  2 kobolds (D:1)
  4 ball pythons (D:1)
  3 bats (D:1)
  2 frilled lizards (D:1)
  3 rats (D:1)
19 creatures vanquished.

Vanquished Creatures (collateral kills)
  A hobgoblin (D:1)
  A kobold (D:1)
2 creatures vanquished.

Grand Total: 21 creatures vanquished

Notes
Turn   | Place    | Note
-------+----------+-------------------------------------------
     0 | D:1      | Alarak the Demonspawn Alchemist began the quest for the
                  | Orb.
     0 | D:1      | Reached XP level 1. HP: 13/13 MP: 3/3
     2 | D:1      | Noticed a naga
     2 | D:1      | Noticed a minotaur
     4 | D:1      | Noticed an armataur
     4 | D:1      | Noticed a vampire
     6 | D:1      | Noticed an octopode
     8 | D:1      | Noticed a human
    10 | D:1      | Noticed a formicid
    10 | D:1      | Noticed a demigod
    12 | D:1      | Noticed a gargoyle
    14 | D:1      | Noticed a ghoul
    14 | D:1      | Noticed a felid
    16 | D:1      | Noticed a djinni
    18 | D:1      | Noticed a demonspawn
    18 | D:1      | Noticed an elf
    20 | D:1      | Noticed a merfolk
    20 | D:1      | Noticed a barachi
    22 | D:1      | Noticed a spriggan
    22 | D:1      | Noticed a troll
    24 | D:1      | Noticed a tengu
    24 | D:1      | Noticed an oni
    26 | D:1      | Noticed a vine stalker
    26 | D:1      | Noticed a draconian
    28 | D:1      | Noticed a dwarf
   166 | D:1      | Gained mutation: You regenerate a little health from kills.
                  | [demonic ancestry]
   166 | D:1      | Reached XP level 2. HP: 6/19 MP: 1/5
   346 | D:1      | Learned a level 2 spell: Mercury Vapours
   501 | D:1      | Reached skill level 4 in Alchemy
   513 | D:1      | Slain by a goblin

Illustrated notes

Levels and vault maps discovered:
D:1:      kb_arrival_jail, layout_rooms, minmay_hexomino_f4

Skill      XL: |  1  2 |
---------------+-------+-----
Alchemy        | 4 |  4.0
Dodging        | |  1.7
Stealth        | |  1.7
Spellcasting   | |  2.0
Conjurations   | |  1.0

Action                     || total
---------------------------++-------
  Melee: Short sword       ||    29
   Cast: Sting             ||    23
 Armour: Robe              ||    27
  Dodge: Dodged            ||    26

Table legend: (Time is in decaauts)
 A = Elapsed time spent in this place.
 B = Non-inter-level travel time spent in this place.
 C = Inter-level travel time spent in this place.
 D = Time resting spent in this place.
 E = Time spent auto-exploring this place.
 F = Levels seen in this place.
 G = Mean time per level.
                   A        B        C        D        E       F      G
               +--------+--------+--------+--------+--------+-----+--------+
         Total |    512 |    501 |     11 |     40 |    307 |   1 |  512.0 |
       Dungeon |    512 |    501 |     11 |     40 |    307 |   1 |  512.0 |
               +--------+--------+--------+--------+--------+-----+--------+

Top non-repeatable levels by time:
     D:1: 512 daAuts
